 Dungeon Crawl Stone Soup version 0.20-a0-689-g860b9ab (webtiles) character file.

116 polly the Covered (level 5, 0/33 HPs)
             Began as a Gargoyle Fighter on Feb 20, 2017.
             Slain by an orc (2 damage)
             ... on level 3 of the Dungeon.
             The game lasted 00:02:04 (1046 turns).

polly the Covered (Gargoyle Fighter)                Turns: 1046, Time: 00:02:05

Health: 0/33       AC: 13    Str: 17 (20) XL:     5   Next: 1%
Magic:  5/5        EV:  5    Int:  7 (8)  God:
Gold:   67         SH:  8    Dex:  7 (10) Spells: 4/4 levels left

rFire    . . .     SeeInvis .   a - +0 flail
rCold    . . .     Gourm    .   o - +0 chain mail
rNeg     + . .     Faith    .   c - +0 shield
rPois    ∞         Spirit   .   (no helmet)
rElec    +         Reflect  .   (no cloak)
rCorr    .         Harm     .   (no gloves)
MR       .....                  (no boots)
Stlth    ..........             (no amulet)
Regen    0.2/turn               (no ring)
MPRegen  0.1/turn               (no ring)

@: no status effects
A: negative energy resistance 1, electricity resistance, unbreathing,
petrification resistance, rot immunity, AC +4
a: no special abilities


You were on level 3 of the Dungeon.
You were hungry.

You visited 1 branch of the dungeon, and saw 4 of its levels.

You collected 67 gold pieces.

Inventory:

Hand Weapons
 a - a +0 flail (weapon)
Missiles
 l - 4 poisoned javelins (quivered)
Armour
 c - a +0 shield (worn)
 o - a +0 chain mail (worn)
Jewellery
 p - an uncursed ring of flight {unknown}
Scrolls
 b - a scroll of enchant armour {unknown}
 e - 4 scrolls of remove curse {unknown}
 k - a scroll of teleportation {unknown}
 m - a scroll of amnesia {unknown}
 n - a scroll of fear {unknown}
Potions
 d - a potion of might
 g - a potion of degeneration
 h - a potion of curing {unknown}
 q - a potion of heal wounds {unknown}
Comestibles
 f - 2 bread rations
 i - 3 fruits
 j - 2 royal jellies


   Skills:
 + Level 4.0 Fighting
 + Level 3.2 Maces & Flails
 + Level 4.1 Armour
 + Level 0.4 Dodging
 + Level 4.0 Shields


You had 4 spell levels left.
You didn't know any spells.

Dungeon Overview and Level Annotations

Branches:
Dungeon (4/15)
 Temple: D:4-7

Altars:

Annotations:
D:3 polly's ghost, amateur GrFi


Innate Abilities, Weirdness & Mutations

You are resistant to torment.
Your stone body is resilient. (AC +4)
You are immune to poison.
You resist negative energy. (rN+)
You are resistant to electric shocks. (rElec)
You can survive without breathing.
You are immune to petrification.
You are immune to rotting.


Message History

The gnoll hits you but does no damage.
You closely miss the orc. You block the orc's attack.
The orc barely misses you.
You closely miss the orc. The orc barely misses you.
Polly's ghost says, "You can hit me, but you can't hurt me."
You closely miss the orc. The orc completely misses you.
Polly's ghost says, "You can hit me, but you can't hurt me."
You hit the orc but do no damage. You block the orc's attack.
The orc barely misses you.
You hit the orc but do no damage. The orc hits you but does no damage.
Your shield and chain mail prevent you from hitting the orc.
You block the orc's attack.
You completely miss the orc. The orc hits you.
* * * LOW HITPOINT WARNING * * *
You block the orc's attack.
It was a potion of degeneration.
There was something very wrong with that liquid.
You feel weakened.
You feel dopey.
You feel clumsy. The orc hits you.
You die...

####### ####......
####### #.........
+.....#
#####.##...... #@#
#............. #o#
#...#..#†<....
#W###.o#..#.......
#.#gg)ooW..#...'####
#.Ko###..#..#..#
#...#.# #.#..#...#
....#...# #...#....#
#.#...#.# #$.#..#..#
# ..#..## #.#..#...#


You could see polly's ghost, 2 gnolls, 2 orcs and a kobold.

Vanquished Creatures
  A scorpion (D:4)
  An adder (D:2)
  A gnoll (D:3)
  An ooze (D:2)
  A worm (D:3)
  2 dart slugs (D:1)
  A leopard gecko (D:1)
  2 orcs (D:3)
  2 giant cockroaches (D:1)
  4 goblins
  3 hobgoblins
  A quokka (D:2)
  2 ball pythons
  6 bats
  8 kobolds
  5 rats
41 creatures vanquished.

Notes
Turn   | Place    | Note
-------+----------+-------------------------------------------
     0 | D:1      | polly the Gargoyle Fighter began the quest for the Orb.
     0 | D:1      | Reached XP level 1. HP: 14/14 MP: 1/1
    40 | D:1      | Reached XP level 2. HP: 19/19 MP: 2/2
   394 | D:2      | Reached XP level 3. HP: 23/23 MP: 3/3
   605 | D:2      | You fall through a shaft for 2 floors!
   655 | D:4      | Noticed a scorpion
   674 | D:4      | Killed a scorpion
   674 | D:4      | Reached XP level 4. HP: 13/29 MP: 4/4
   991 | D:3      | Noticed polly's ghost (amateur GrFi)
  1037 | D:3      | Reached XP level 5. HP: 3/33 MP: 5/5
  1046 | D:3      | Slain by an orc

Vault maps used:
D:1:      roderic_crossed_star
D:2:      corexii_corridor_pit
D:3:      hex_tiny, minmay_misc_feat_diagonals
D:4:      lemuel_round_altar, first_bread, serial_corexii_hall,
          corexii_hall_statues_l, corexii_hall_statues_s, uniq_edmund

Skill      XL: |  1  2  3  4 |
---------------+-------------+-----
Maces & Flails | 3 |  3.2
Shields        | 4 |  4.0
Armour         | 4 |  4.1
Fighting       | 4 |  4.0
Dodging        | |  0.4

Action                   |  1- 3 |  4- 6 || total
-------------------------+-------+-------++-------
Melee: Flail             |   111 |    69 ||   180
  Use: Potion            |       |     1 ||     1
Armor: Scale mail        |    43 |       ||    43
       Chain mail        |    10 |    60 ||    70
Dodge: Dodged            |    30 |    26 ||    56
Block: Shield            |    51 |    55 ||   106
